Selects Advanced Infantry Battlegroup
Construct Weapon Support Center
Selects Convert to Ranger Squad
Mechanized Support Center
Improved M9 Bazooka Rockets
Construct Medical Station
Selects Ammunition Storage
Selects M2A1 105mm Howitzer Emplacement
Selects 155mm Rapid Artillery Barrage
Selects Frontline Medical Station
Selects Ranger Weapon Training
M4A1(76) Sherman Medium Tank
M18 Hellcat Tank Destroyer
M4A1(76) Sherman Medium Tank
155mm Rapid Artillery Barrage
M4A1(76) Sherman Medium Tank
Frontline Medical Station
155mm Rapid Artillery Barrage
M4A1(76) Sherman Medium Tank
155mm Rapid Artillery Barrage
155mm Rapid Artillery Barrage
155mm Rapid Artillery Barrage
M4A1(76) Sherman Medium Tank